 Dungeon Crawl Stone Soup version 0.26-a0-576-gcfaa98f945 (webtiles) character file.

Game seed: 17882084843498894680

(classic levelgen) 47643 EnegeticOcto the Severer (level 13, -6/117 HPs)
             Began as a Deep Dwarf Fighter on Aug 22, 2020.
             Was the Champion of Okawaru.
             Mangled by a redback (8 damage)
             ... on level 1 of the Spider Nest.
             The game lasted 00:31:51 (3850 turns).

EnegeticOcto the Severer (Deep Dwarf Fighter)       Turns: 3850, Time: 00:31:51

Health: -6/117     AC:  8    Str: 23    XL:     13   Next: 43%
Magic:  4/5        EV:  3    Int: 12    God:    Okawaru [******]
Gold:   432        SH:  0    Dex: 12    Spells: 12/12 levels left

rFire    + + .     SeeInvis +   D - +5 war axe (vamp)
rCold    + . .     Faith    .   x - +1 tower shield
rNeg     . . .     Spirit   .   I - +0 plate armour {rF+}
rPois    .         Reflect  .   H - +0 helmet of Wyrhum {Regen+ Int-5 Slay+5 SInv}
rElec    .         Harm     .   g - scarf {+Inv}
rCorr    .                      (no gloves)
MR       +....                  (no boots)
Stlth    ..........             G - amulet of the acrobat
HPRegen  0.00/turn              k - ring of protection from fire
MPRegen  0.09/turn              A - ring of Xom's Fair Game {rC+ Int+6}

@: confused, lethally poisoned (-6 -> -24), corroded, very slightly
contaminated, non-regenerating, invisible
A: damage resistance, heal wounds, sense surroundings 2, no regeneration
}: 1/15 runes: barnacled
a: Heal Wounds, Heroism, Finesse, Renounce Religion


You were on level 1 of the Spider Nest.
You worshipped Okawaru.
Okawaru was exalted by your worship.
You visited 5 branches of the dungeon, and saw 21 of its levels.
You also visited: Bailey, Gauntlet and Volcano.

You collected 432 gold pieces.

Inventory:

Hand Weapons
 j - the +8 frozen axe "Frostbite" {freezing cloud, *Noise +Fly rC+}
   (You found it in a bailey)

   It has been specially enchanted to freeze those struck by it, causing extra
   injury to most foes and up to half again as much damage against particularly
   susceptible opponents.
   It can also slow down cold-blooded creatures.
   It protects you from cold.
   It lets you fly.
   It may make noises in combat.
 D - a +5 vampiric war axe (weapon)
 E - a +3 vorpal executioner's axe
 M - the +7 broad axe of Yoke {drain, Int+3}
   (Okawaru gifted it to you on level 10 of the Dungeon)

   A truly terrible weapon, it drains the life of those it strikes.
   It affects your intelligence (+3).
 Q - a +4 vorpal broad axe
 U - the +10 broad axe of the Magi {holy, rElec}
   (Okawaru gifted it to you on level 2 of the Lair of Beasts)

   It has been blessed by the Shining One to cause great damage to the undead
   and demons.
   It insulates you from electricity.
 W - a +1 scimitar of flaming
Missiles
 h - 9 poisoned darts (quivered)
 Y - 4 curare-tipped darts
Armour
 g - a scarf of invisibility (worn)
 x - a +1 tower shield (worn)
 H - the +0 helmet of Wyrhum (worn) {Regen+ Int-5 Slay+5 SInv}
   (You found it in a Gauntlet)

   It affects your intelligence (-5).
   It affects your accuracy and damage with ranged weapons and melee attacks
   (+5).
   It lets you see invisible.
   It increases your rate of regeneration.
 I - a +0 plate armour of fire resistance (worn)
Jewellery
 k - a ring of protection from fire (left hand)
 y - an uncursed ring of fire
 A - the ring of Xom's Fair Game (right hand) {rC+ Int+6}
   (You acquired it in a bailey)

   [ring of intelligence]

   It affects your intelligence (+6).
   It protects you from cold.
 G - an amulet of the acrobat (around neck)
 N - the ring of Peace {+Inv rN++ Dex-5 SInv}
   (You found it on level 10 of the Dungeon)

   [ring of see invisible]

   It affects your dexterity (-5).
   It greatly protects you from negative energy.
   It lets you see invisible.
   It lets you turn invisible.
 T - an uncursed ring of see invisible
Wands
 f - a wand of random effects (19)
 o - a wand of digging (5) {@v3}
 q - a wand of iceblast (9) {@v2}
 B - a wand of flame (3) {@v4}
 J - a wand of acid (1) {@v1}
 P - a wand of enslavement (12)
 Z - a wand of paralysis (7)
Scrolls
 b - a scroll of immolation
 m - 5 scrolls of teleportation {@r3 !r}
 K - 2 scrolls of fear {!r}
 R - a scroll of blinking {@r4}
 X - a scroll of remove curse {@r2}
Potions
 d - a potion of might {@q3 !q}
 e - a potion of brilliance
 i - 2 potions of berserk rage
 p - a potion of cancellation
 r - 2 potions of magic
 s - a potion of ambrosia
 t - a potion of lignification {@q6}
 u - 3 potions of mutation
 v - a potion of degeneration
 w - 2 potions of heal wounds {@q2 !q}
 F - 2 potions of curing {@q1 !q}
 L - 2 potions of haste {@q4 !q}
 O - a potion of invisibility
 S - 3 potions of stabbing {@q5 !q}
 V - a potion of resistance
Miscellaneous
 n - a box of beasts (1/3)


   Skills:
 + Level 8.1 Fighting
 - Level 17.5 Axes
 - Level 3.2 Armour
 * Level 8.7 Shields
 + Level 11.2 Invocations
 - Level 10.0 Evocations


You had 12 spell levels left.
You didn't know any spells.
Your spell library contained the following spells:

 Spells                   Type           Power        Failure   Level
 Leda's Liquefaction      Hex/Erth       #.........   100%        4
 Bolt of Magma            Conj/Fire/Erth #.........   100%        5
 Iron Shot                Conj/Erth      #.........   100%        6
 Statue Form              Tmut/Erth      #........    100%        6
 Shatter                  Erth           #.........   100%        9


Dungeon Overview and Level Annotations

Branches:
Dungeon (11/15)            Temple (1/1) D:6            Lair (4/6) D:9
 Shoals (4/4) Lair:4       Spider (1/4) Lair:4       Bailey (visited)
Volcano (visited)         Gauntlet (visited)
    Orc: D:9-12

Altars:
Ashenzari
Cheibriados
Dithmenos
Elyvilon
Gozag
Kikubaaqudgha
Okawaru
Trog
Vehumet
Zin


Innate Abilities, Weirdness & Mutations

You are resistant to damage.
You can heal yourself by infusing magical energy.
You passively map the area around you.
You do not regenerate.


Message History

The jumping spider pounces on you!
You are caught in a web!
The jumping spider bites you. The tarantella bites you!
You are confused.
The redback moves out of view.
The web tears apart.
The jumping spider pounces on you but does no damage.
The jumping spider bites you. The jumping spider pounces on you.
The jumping spider bites you.
The tarantella bites you but does no damage.
The jumping spider pounces on you.
You are caught in a web!
The jumping spider bites you but does no damage.
The jumping spider pounces on you.
The jumping spider bites you but does no damage.
The web tears apart.
The tarantella bites you! The jumping spider pounces on you.
You are caught in a web!
The jumping spider bites you.
The redback bites you but does no damage.
The tarantella bites you!
The web tears apart.
The jumping spider pounces on you but does no damage.
The jumping spider bites you but does no damage.
The jumping spider pounces on you but does no damage.
The jumping spider completely misses you.
The redback bites you but does no damage.
The tarantella bites you! The jumping spider barely misses you.
The jumping spider bites you. The jumping spider barely misses you.
The jumping spider bites you.
You bump into the rock wall.
The redback barely misses you.
The tarantella bites you but does no damage.
The jumping spider pounces on you!
The jumping spider bites you but does no damage.
The jumping spider pounces on you but does no damage.
The jumping spider bites you but does no damage.
The redback bites you but does no damage.
The tarantella bites you but does no damage.
You're too confused!
You're too confused to move!
The jumping spider barely misses you.
The jumping spider bites you but does no damage.
The jumping spider pounces on you!
You are caught in a web!
The jumping spider bites you but does no damage.
The redback bites you!
The tarantella bites you but does no damage.
The jumping spider pounces on you but does no damage.
The jumping spider bites you.
The jumping spider pounces on you but does no damage.
The jumping spider bites you but does no damage.
You struggle to detach yourself from the web.
The redback bites you but does no damage.
The tarantella bites you but does no damage.
The jumping spider pounces on you but does no damage.
The jumping spider bites you but does no damage.
The jumping spider pounces on you. The jumping spider bites you.
An entropy weaver comes into view.
The redback bites you but does no damage.
The tarantella bites you!
* * * LOW HITPOINT WARNING * * *
The web tears apart.
You feel less confused. You block the jumping spider's attack.
The jumping spider bites you. You block the redback's attack.
You block the tarantella's attack.
The jumping spider pounces on you but does no damage.
The jumping spider bites you but does no damage.
The jumping spider pounces on you!
* * * LOW HITPOINT WARNING * * *
The jumping spider bites you but does no damage.
You feel much better. The tarantella bites you!
You block the jumping spider's attack. The jumping spider bites you.
The tarantella bites you!
* * * LOW HITPOINT WARNING * * *
You feel much better. The jumping spider pounces on you.
You are caught in a web!
The jumping spider bites you. The jumping spider pounces on you.
The jumping spider bites you but does no damage.
The redback bites you but does no damage.
The tarantella bites you. The jumping spider pounces on you.
The jumping spider bites you.
You struggle to detach yourself from the web.
The redback bites you! The tarantella bites you!
* * * LOW HITPOINT WARNING * * *
You are confused.
The jumping spider pounces on you.
You are even more entangled.
The jumping spider bites you but does no damage.
The redback bites you but does no damage. x2
The tarantella bites you but does no damage.
The web tears apart.
The jumping spider pounces on you but does no damage.
The jumping spider bites you but does no damage.
The entropy weaver points at you and mumbles some strange words.
The entropic weave corrodes you! The redback bites you!
* * * LOW HITPOINT WARNING * * *
You are poisoned.
The redback poisons you! The redback barely misses you.
The tarantella bites you!
* * * LOW HITPOINT WARNING * * *
The jumping spider pounces on you!
* * * LOW HITPOINT WARNING * * *
The jumping spider bites you but does no damage.
A jumping spider comes into view.
The redback bites you!
You die...

≈ ,..#* *,,
###..#, ,,
.....#. ,
##.....s., , *
*##<#^.#* , ,
#.##.#ss.# ,
#....ss#.# * *
#......##s###
* * #.#..##
#@s# *
*#..#...ss##**
* *##...##as.,
* .# #.... * *
. *.##..# * ,
, *.# ### * ,
*, s ,^ , * ,,
*,. , , *, *
,, , * *


You could see an entropy weaver, 6 jumping spiders, a tarantella and 3 redbacks.

Vanquished Creatures
  A minotaur (Gauntlet)
  A merfolk impaler (Shoals:4)
  5 hydras
  2 two-headed ogres
  A satyr (Shoals:4)
  Urug (D:10)
  A hell knight (Volcano)
  4 sea snakes
  An obsidian statue (Volcano)
  An orange crystal statue (Gauntlet)
  4 harpies (Shoals:4)
  2 ugly things (Volcano)
  3 fauns (Shoals:1)
  2 manticores
  2 black mambas
  2 merfolk sirens (Shoals:1)
  2 water nymphs
  A gargoyle (D:8)
  2 cane toads
  A smoke demon (Volcano)
  A rime drake (Lair:3)
  A komodo dragon (Lair:4)
  Prince Ribbit (D:6)
  2 merfolk (Shoals:1)
  2 wind drakes
  5 blink frogs
  A raiju (Gauntlet)
  2 snapping turtles
  5 hippogriffs
  2 wyverns
  A redback (Spider:1)
  10 yaks
  A basilisk (D:9)
  4 fire bats (Volcano)
  6 water elementals
  Eustachio (D:6)
  Grum (D:8)
  A steam dragon (D:8)
  Edmund (D:6)
  3 water moccasins
  A porcupine (Lair:4)
  13 orc warriors
  3 sky beasts
  A black bear (Lair:4)
  5 ice beasts
  2 phantoms
  3 ogres
  4 wolves
  6 centaurs
  5 crocodiles
  A big kobold (D:10)
  8 bullfrogs
  A scorpion (D:8)
  4 wights
  6 killer bees
  2 howler monkeys
  2 lava snakes (Volcano)
  2 quasits
  2 orc priests
  7 hounds
  A bullfrog skeleton (D:5)
  6 orc wizards
  4 iguanas
  2 lightning spires (Gauntlet)
  7 worker ants
  A worker ant zombie (D:6)
  5 adders
  A shadow imp (D:6)
  2 white imps
  2 ufetubi
  2 leopard geckos
  41 orcs
  A giant cockroach (D:1)
  27 jackals
  3 quokkas
  A ball python (D:6)
  A frilled lizard (D:4)
  5 kobolds
  A leopard gecko skeleton (D:5)
  2 plants
283 creatures vanquished.

Vanquished Creatures (collateral kills)
  A merfolk impaler (Shoals:4)
  A merfolk avatar (Shoals:4)
  3 harpies (Shoals:4)
  A manticore (Shoals:4)
  A merfolk (Shoals:4)
7 creatures vanquished.

Vanquished Creatures (others)
  A merfolk aquamancer (Shoals:1)
  A harpy (Shoals:4)
  A centaur (Bailey)
  6 fungi
  35 plants
44 creatures vanquished.

Grand Total: 334 creatures vanquished

Notes
Turn   | Place    | Note
-------+----------+-------------------------------------------
     0 | D:1      | EnegeticOcto the Deep Dwarf Fighter began the quest for the
                  | Orb.
     0 | D:1      | Reached XP level 1. HP: 20/20 MP: 1/1
    36 | D:1      | Reached skill level 3 in Axes
   173 | D:3      | Reached XP level 2. HP: 27/27 MP: 2/2
   309 | D:5      | Entered Level 5 of the Dungeon
   309 | D:5      | Noticed an ice beast
   322 | D:5      | Killed an ice beast
   322 | D:5      | Reached skill level 5 in Axes
   322 | D:5      | Reached XP level 3. HP: 30/33 MP: 3/3
   322 | D:5      | Reached XP level 4. HP: 37/40 MP: 4/4
   370 | D:6      | Found a radiant altar of Vehumet.
   393 | D:5      | Your magical essence is drained by the effort!
   395 | D:5      | Reached skill level 6 in Axes
   395 | D:5      | Reached XP level 5. HP: 46/46 MP: 4/4
   399 | D:5      | Noticed an ice beast
   415 | D:5      | Killed an ice beast
   442 | D:5      | Reached skill level 7 in Axes
   442 | D:5      | Reached XP level 6. HP: 50/55 MP: 5/5
   502 | D:5      | Noticed an ice beast
   512 | D:5      | Killed an ice beast
   571 | D:5      | Reached skill level 8 in Axes
   589 | D:4      | Your magical essence is drained by the effort!
   639 | D:4      | Reached XP level 7. HP: 50/61 MP: 5/5
   769 | D:6      | Found a staircase to the Ecumenical Temple.
   769 | D:6      | Noticed Prince Ribbit
   771 | D:6      | Your magical essence is drained by the effort!
   772 | D:6      | Noticed Eustachio
   777 | Temple   | Entered the Ecumenical Temple
   840 | Temple   | Became a worshipper of Warmaster Okawaru
   907 | D:6      | Reached skill level 9 in Axes
   907 | D:6      | Reached skill level 1 in Invocations
   916 | D:6      | Your magical essence is drained by the effort!
   922 | D:6      | Killed Prince Ribbit
   922 | D:6      | Reached * piety under Okawaru
   922 | D:6      | Reached skill level 3 in Invocations
   935 | D:6      | Reached XP level 8. HP: 48/68 MP: 6/6
   968 | D:6      | Noticed Edmund
   980 | D:6      | Reached skill level 10 in Axes
   980 | D:6      | Reached skill level 4 in Invocations
   988 | D:6      | Killed Edmund
  1034 | D:6      | Reached ** piety under Okawaru
  1048 | D:6      | Reached skill level 5 in Invocations
  1052 | D:6      | Your magical essence is drained by the effort!
  1069 | D:6      | Reached skill level 11 in Axes
  1128 | D:6      | Killed Eustachio
  1204 | D:7      | Found an opulent altar of Gozag.
  1345 | D:7      | Reached skill level 1 in Evocations
  1347 | D:7      | Your magical essence is drained by the effort!
  1353 | D:7      | Gained mutation: You passively map the area around you.
                  | [Deep Dwarf growth]
  1353 | D:7      | Reached XP level 9. HP: 63/74 MP: 6/6
  1357 | D:7      | Found a flagged portal.
  1369 | D:7      | Got a warped halberd
  1375 | D:7      | Identified the +8 halberd of Kughew {pain, rN+} (You found
                  | it on level 7 of the Dungeon)
  1379 | Bailey   | Entered a bailey
  1413 | Bailey   | Reached skill level 12 in Axes
  1415 | Bailey   | Reached skill level 2 in Evocations
  1513 | Bailey   | Reached *** piety under Okawaru
  1513 | Bailey   | Reached skill level 3 in Evocations
  1555 | Bailey   | Your magical essence is drained by the effort!
  1570 | Bailey   | Found the +8 frozen axe "Frostbite" {freezing cloud, *Noise
                  | +Fly rC+}
  1587 | Bailey   | Reached skill level 4 in Evocations
  1641 | Bailey   | Reached skill level 13 in Axes
  1641 | Bailey   | Reached skill level 5 in Evocations
  1680 | Bailey   | Identified a scroll of acquirement
  1841 | D:8      | Reached **** piety under Okawaru
  1869 | D:10     | Entered Level 10 of the Dungeon
  1881 | D:11     | Noticed a two-headed ogre
  1892 | D:11     | Killed a two-headed ogre
  1892 | D:11     | Reached ***** piety under Okawaru
  1892 | D:11     | Reached skill level 6 in Invocations
  1892 | D:11     | Reached skill level 6 in Evocations
  1892 | D:11     | Reached XP level 10. HP: 50/81 MP: 4/7
  2019 | D:11     | Found a gate leading to a gauntlet.
  2028 | Gauntlet | Entered a Gauntlet
  2028 | Gauntlet | Found a transporter.
  2028 | Gauntlet | Found a transporter.
  2028 | Gauntlet | Noticed an orange crystal statue
  2030 | Gauntlet | Found a transporter.
  2041 | Gauntlet | Found a transporter.
  2044 | Gauntlet | Noticed a sixfirhy
  2046 | Gauntlet | Noticed a worldbinder
  2046 | Gauntlet | Noticed a rust devil
  2050 | Gauntlet | Killed an orange crystal statue
  2050 | Gauntlet | Reached skill level 14 in Axes
  2050 | Gauntlet | Reached skill level 7 in Evocations
  2055 | Gauntlet | Got a dazzling helmet
  2061 | Gauntlet | Identified the +0 helmet of Wyrhum {Regen+ Int-5 Slay+5
                  | SInv} (You found it in a Gauntlet)
  2073 | Gauntlet | Found a transporter.
  2088 | Gauntlet | Reached skill level 7 in Invocations
  2099 | Gauntlet | Noticed a gargoyle
  2100 | Gauntlet | Found a transporter.
  2100 | Gauntlet | Noticed a minotaur
  2100 | Gauntlet | Noticed a gargoyle
  2107 | Gauntlet | Killed a minotaur
  2218 | D:10     | Got a sparkling ivory ring
  2219 | D:10     | Identified the ring of Peace {+Inv rN++ Dex-5 SInv} (You
                  | found it on level 10 of the Dungeon)
  2294 | D:10     | Noticed Urug
  2299 | D:10     | Reached skill level 8 in Evocations
  2306 | D:10     | Killed Urug
  2306 | D:10     | Received a gift from Okawaru
  2306 | D:10     | Reached skill level 8 in Invocations
  2312 | D:10     | Got a polished broad axe {god gift}
  2313 | D:10     | Identified the +7 broad axe of Yoke {drain, Int+3} (Okawaru
                  | gifted it to you on level 10 of the Dungeon)
  2363 | D:9      | Noticed a two-headed ogre
  2378 | D:9      | Killed a two-headed ogre
  2378 | D:9      | Reached skill level 3 in Fighting
  2378 | D:9      | Reached XP level 11. HP: 51/90 MP: 10/10
  2393 | D:8      | Found an opulent altar of Gozag.
  2421 | D:8      | Reached skill level 15 in Axes
  2459 | D:8      | Received a gift from Okawaru
  2524 | D:8      | Noticed Grum
  2529 | D:8      | Reached skill level 9 in Evocations
  2535 | D:8      | Killed Grum
  2602 | D:9      | Reached skill level 9 in Invocations
  2622 | D:9      | Found a staircase to the Lair.
  2707 | Lair:1   | Entered Level 1 of the Lair of Beasts
  2723 | Lair:1   | Reached skill level 4 in Fighting
  2724 | Lair:1   | Your magical essence is drained by the effort!
  2725 | Lair:1   | Your magical essence is drained by the effort!
  2739 | Lair:2   | Noticed a four-headed hydra
  2744 | Lair:2   | Killed a four-headed hydra
  2744 | Lair:2   | Reached ****** piety under Okawaru
  2744 | Lair:2   | Received a gift from Okawaru
  2751 | Lair:2   | Got a faintly glowing broad axe {god gift}
  2752 | Lair:2   | Identified the +10 broad axe of the Magi {holy, rElec}
                  | (Okawaru gifted it to you on level 2 of the Lair of Beasts)
  2764 | Lair:2   | Noticed an eight-headed hydra
  2771 | Lair:2   | Killed an eight-headed hydra
  2781 | Lair:2   | Found a dark tunnel.
  2787 | Volcano  | Entered a volcano
  2873 | Volcano  | Noticed a red ugly thing
  2873 | Volcano  | Noticed an obsidian statue
  2875 | Volcano  | Noticed a red ugly thing
  2879 | Volcano  | Noticed a sun demon
  2879 | Volcano  | Reached skill level 10 in Evocations
  2886 | Volcano  | Noticed a hell knight
  2887 | Volcano  | Killed a red ugly thing
  2887 | Volcano  | Reached skill level 10 in Invocations
  2891 | Volcano  | Killed a red ugly thing
  2899 | Volcano  | Noticed a sun demon
  2899 | Volcano  | Killed an obsidian statue
  2899 | Volcano  | Reached skill level 5 in Fighting
  2899 | Volcano  | Reached skill level 16 in Axes
  2906 | Volcano  | Killed a hell knight
  2906 | Volcano  | Reached XP level 12. HP: 54/103 MP: 8/10
  2907 | Volcano  | Found a bloodstained altar of Trog.
  2927 | Lair:2   | Your magical essence is drained by the effort!
  2955 | Lair:2   | Noticed a four-headed hydra
  2960 | Lair:2   | Killed a four-headed hydra
  2960 | Lair:2   | Received a gift from Okawaru
  3023 | Lair:3   | Noticed an eight-headed hydra
  3026 | Lair:3   | Killed an eight-headed hydra
  3026 | Lair:3   | Reached skill level 6 in Fighting
  3196 | Lair:3   | Your magical essence is drained by the effort!
  3198 | Lair:3   | Noticed a seven-headed hydra
  3203 | Lair:3   | Killed a seven-headed hydra
  3203 | Lair:3   | Reached skill level 17 in Axes
  3309 | Lair:4   | Found a staircase to the Shoals.
  3321 | Lair:4   | Reached skill level 4 in Shields
  3330 | Lair:4   | Your magical essence is drained by the effort!
  3334 | Shoals:1 | Entered Level 1 of the Shoals
  3341 | Shoals:1 | Reached skill level 5 in Shields
  3359 | Shoals:1 | Your magical essence is drained by the effort!
  3361 | Shoals:1 | Reached skill level 7 in Fighting
  3372 | Shoals:1 | Your magical essence is drained by the effort!
  3373 | Shoals:1 | Your magical essence is drained by the effort!
  3375 | Shoals:1 | Acquired the ring of Xom's Fair Game {rC+ Int+6}
  3394 | Shoals:1 | Noticed a merfolk aquamancer
  3411 | Shoals:1 | Killed a merfolk aquamancer
  3411 | Shoals:1 | Reached skill level 6 in Shields
  3416 | Shoals:1 | Received a gift from Okawaru
  3437 | Shoals:2 | Reached XP level 13. HP: 107/115 MP: 5/5
  3489 | Shoals:3 | Your magical essence is drained by the effort!
  3523 | Shoals:4 | Entered Level 4 of the Shoals
  3534 | Shoals:4 | Found Tiesat's Distillery.
  3601 | Shoals:4 | Reached skill level 7 in Shields
  3623 | Shoals:4 | Noticed a merfolk impaler
  3624 | Shoals:4 | Noticed a merfolk impaler
  3641 | Shoals:4 | Killed a merfolk impaler
  3658 | Shoals:4 | Killed a merfolk impaler
  3658 | Shoals:4 | Reached skill level 8 in Shields
  3666 | Shoals:4 | Reached skill level 11 in Invocations
  3667 | Shoals:4 | Received a gift from Okawaru
  3667 | Shoals:4 | Reached skill level 8 in Fighting
  3675 | Shoals:4 | Got a barnacled rune of Zot
  3814 | Lair:4   | Found a hole to the Spider Nest.
  3827 | Spider:1 | Entered Level 1 of the Spider Nest
  3845 | Spider:1 | Noticed an entropy weaver
  3850 | Spider:1 | HP: 2/117 [jumping spider (12)]
  3850 | Spider:1 | Mangled by a redback

Illustrated notes

Levels and vault maps discovered:
D:1:      shiori_shiawase, layout_basic, chequers_serial_rivers_large_b
D:2:      layout_loops_ring, nicolae_overflow_crystal_walls
D:3:      layout_basic, lemuel_doored_altar, gammafunk_temple_overflow_forgotten
D:4:      layout_gridville
D:5:      layout_basic
D:6:      layout_cave_pools, fiery_altar_vehumet,
          minmay_temple_entry_statues_pillars, uniq_prince_ribbit1,
          uniq_eustachio, uniq_edmund
D:7:      layout_loops_corners, nicolae_overflow_hidden_temple, enter_bailey_2,
          nicolae_gozag_seed_capital
D:8:      minmay_recursive_quarters, layout_rooms, kennysheep_little_box,
          fedhas_bush_and_centaur_altar, uniq_grum
D:9:      layout_basic, lemuel_zombie_altar_yredelemnul,
          nemelex_xobeh_ov_fountains_minmay, erik_lair_dragon, serial_shops,
          nicolae_shop_window_shopping
D:10:     layout_roguey, chequers_mini_garden, uniq_urug
D:11:     minmay_angry_zag, layout_basic, gauntlet_entry_generic, hex_tiny,
          minmay_misc_feat_tiny, minmay_microvault, uniq_sonja
Temple:   minmay_temple_curvy_loop
Lair:1:   layout_layer_cave
Lair:2:   layout_chaotic_city, lightli_volcano_entry_magma_tube,
          serial_bayou_shore_b, serial_bayou_shore_b
Lair:3:   regret_index_tunnel_blossom, layout_cave_shapes, serial_bayou_lake_a,
          infiniplex_staircase_pool
Lair:4:   dragon1_lemuel, layout_hall_layers, minmay_shoals_entry_beasts,
          dummy_spider_entry
Shoals:1: layout_shoals
Shoals:2: layout_shoals
Shoals:3: layout_shoals, serial_shops, shop, centaur_isle
Shoals:4: shoals_end_hangedman, layout_shoals, serial_shops, shop
Spider:1: layout_spider_delve

Skill      XL: |  1  2  3  4  5  6  7  8  9 10 11 12 13 |
---------------+----------------------------------------+-----
Axes           | 3 5 6 7 8 9 11 13 14 16 17 | 17.5
Invocations    | 3 5 6 8 10 11 | 11.2
Evocations     | 1 6 8 10 | 10.0
Fighting       | 3 5 7 8 |  8.1
Shields        | 6 8 |  8.7
Armour         | |  3.2

Action                   |  1- 3 |  4- 6 |  7- 9 | 10-12 | 13-15 || total
-------------------------+-------+-------+-------+-------+-------++-------
Melee: War axe           |    43 |    73 |   333 |     8 |   118 ||   575
       Executioner's axe |       |       |    15 |    51 |       ||    66
       Battleaxe         |       |       |     2 |       |       ||     2
       Broad axe         |       |       |       |   238 |       ||   238
Throw: Dart              |     5 |       |     7 |       |       ||    12
Invok: Heroism           |       |       |     7 |     8 |     2 ||    17
       Finesse           |       |       |       |     1 |       ||     1
 Abil: Heal Wounds       |       |     3 |    28 |    26 |     8 ||    65
       Evoke Invisibilit |       |       |     5 |     5 |     3 ||    13
Evoke: Wand              |       |       |     4 |    20 |     8 ||    32
       Box of beasts     |       |       |       |       |     2 ||     2
  Use: Scroll            |       |       |    15 |    14 |     3 ||    32
       Potion            |       |       |     1 |       |       ||     1
 Stab: Invisible         |       |       |     9 |    13 |    13 ||    35
       Paralysed         |       |       |       |       |     5 ||     5
Armor: Scale mail        |    24 |       |       |       |       ||    24
       Chain mail        |     5 |    51 |    68 |       |       ||   124
       Plate armour      |       |       |   176 |   152 |    84 ||   412
Dodge: Dodged            |    17 |    22 |    98 |   132 |    35 ||   304
Block: Kite shield       |    38 |    56 |   267 |   101 |       ||   462
       Tower shield      |       |       |       |    66 |   124 ||   190

Table legend: (Time is in decaauts)
 A = Elapsed time spent in this place.
 B = Non-inter-level travel time spent in this place.
 C = Inter-level travel time spent in this place.
 D = Time resting spent in this place.
 E = Time spent auto-exploring this place.
 F = Levels seen in this place.
 G = Mean time per level.
                   A        B        C        D        E       F      G
               +--------+--------+--------+--------+--------+-----+--------+
         Total |   3900 |   3807 |     93 |      0 |      0 |  24 |  162.5 |
       Dungeon |   2175 |   2082 |     93 |      0 |      0 |  11 |  197.7 |
        Temple |    105 |    105 |      0 |      0 |      0 |   1 |  105.0 |
          Lair |    516 |    516 |      0 |      0 |      0 |   4 |  129.0 |
        Shoals |    458 |    458 |      0 |      0 |      0 |   4 |  114.5 |
   Spider Nest |     21 |     21 |      0 |      0 |      0 |   1 |   21.0 |
        Bailey |    403 |    403 |      0 |      0 |      0 |   1 |  403.0 |
       Volcano |    130 |    130 |      0 |      0 |      0 |   1 |  130.0 |
      Gauntlet |     89 |     89 |      0 |      0 |      0 |   1 |   89.0 |
               +--------+--------+--------+--------+--------+-----+--------+

Top non-repeatable levels by time:
  Bailey: 403 daAuts
     D:6: 327 daAuts
     D:5: 300 daAuts
     D:7: 240 daAuts
     D:4: 233 daAuts
Shoals:4: 210 daAuts
     D:8: 206 daAuts
     D:9: 202 daAuts
  Lair:4: 199 daAuts
    D:11: 195 daAuts
    D:10: 188 daAuts
     D:1: 166 daAuts
  Lair:3: 144 daAuts
  Lair:2: 142 daAuts
 Volcano: 130 daAuts
